 Dungeon Crawl Stone Soup version 0.29-a0-830-gcb1280458a (webtiles) character file.

Game seed: 143793309694086585

43 LynnLen the Sneak (level 3, 0/20 HPs)
             Began as a Vampire Enchanter on July 11, 2022.
             Slain by a bat (1 damage)
             ... on level 2 of the Dungeon.
             The game lasted 00:04:23 (1325 turns).

LynnLen the Sneak (Vampire Enchanter)               Turns: 1325, Time: 00:04:24

Health: 0/20       AC:  3    Str:  7    XL:     3   Next: 37%
Magic:  6/6        EV: 12    Int: 17    God:
Gold:   48         SH:  5    Dex: 16    Spells: 6/6 levels left

rFire   . . .      SeeInvis +   a - +1 dagger
rCold   + + .      Faith    .   (no shield)
rNeg    + + +      Spirit   .   d - +0 leather armour
rPois   ∞          Reflect  +   (no helmet)
rElec   .          Harm     .   (no cloak)
rCorr   .          Rampage  .   (no gloves)
Will    .....                   (no boots)
Stlth   +++++.....              h - amulet of reflection
HPRegen 0.00/turn               (no ring)
MPRegen 0.10/turn               (no ring)

@: bloodless, inhibited regen, invisible
A: bloodless, fangs 3, see invisible, vampiric 2
a: Bat Form, Revivify


You were on level 2 of the Dungeon.
You visited 1 branch of the dungeon, and saw 2 of its levels.

You collected 48 gold pieces.

Inventory:

Hand Weapons
 a - a +1 dagger (weapon)
Missiles
 e - 34 stones (quivered)
 k - 6 poisoned darts
Armour
 b - a +0 robe
 d - a +0 leather armour (worn)
Jewellery
 h - an amulet of reflection (around neck)
Scrolls
 g - a scroll of blinking
 i - a scroll of summoning
 j - a scroll of teleportation
Potions
 c - 2 potions of invisibility
 f - a potion of flight {unknown}


   Skills:
 * Level 1.0 Fighting
 + Level 1.4 Short Blades
 + Level 2.6 Dodging
 + Level 5.9 Stealth
 - Level 2.0 Spellcasting
 - Level 4.4 Hexes


You had 6 spell levels left.
You didn't know any spells.
Your spell library contained the following spells:

 Spells                   Type           Power      Damage    Failure   Level
 Confusing Touch          Hex            16%        N/A       14%         3
 Tukima's Dance           Hex            16%        N/A       14%         3
 Ensorcelled Hibernation  Hex/Ice        18%        N/A       19%         2
 Dazzling Flash           Conj/Hex       18%        N/A       34%         3


Dungeon Overview and Level Annotations

Branches:
Dungeon (2/15)

Altars:


Innate Abilities, Weirdness & Mutations

You do not regenerate when monsters are visible.
You are frail without blood (-20% HP).
You can heal yourself when you bite living creatures.
You are immune to poison.
You have razor-sharp teeth.
You have supernaturally acute eyesight. (SInv)
You are afflicted with vampirism and can become a bat while bloodless.


Message History

The bat hits you but does no damage.
The gnoll shouts!
The bat hits you. The bat closely misses you. The bat attacks as you move away!
The bat closely misses you. The bat hits you but does no damage.
The bat barely misses you. The bat barely misses you.
The kobold attacks as you move away! The kobold barely misses you.
The bat closely misses you. The bat attacks as you move away!
The bat hits you but does no damage. The kobold attacks as you move away!
You block the kobold's attack.
A jackal comes into view.
The bat barely misses you. The bat closely misses you.
A jackal comes into view.
The bat closely misses you. The bat attacks as you move away!
The bat closely misses you. x2
The kobold attacks as you move away! The kobold closely misses you.
The kobold attacks as you move away! The kobold hits you with a +0 whip.
The bat attacks as you move away! The bat hits you but does no damage.
The bat closely misses you. The kobold attacks as you move away!
The kobold hits you with a +0 whip. The bat closely misses you.
The bat attacks as you move away! You block the bat's attack.
The bat closely misses you. The kobold attacks as you move away!
The kobold misses you. The bat misses you. The bat barely misses you.
The bat hits you but does no damage. You block the bat's attack.
The kobold attacks as you move away! The kobold hits you with a +0 whip.
* * * LOW HITPOINT WARNING * * *
The bat completely misses you. The bat misses you.
The kobold attacks as you move away! The kobold hits you with a +0 whip.
* * * LOW HITPOINT WARNING * * *
The bat hits you.
* * * LOW HITPOINT WARNING * * *
You fade into invisibility!
The kobold barely misses you. You block the bat's attack.
The bat attacks as you move away! The bat hits you.
You die...

#.. ....................##..#.
....##....#.###..##.###.##..#.
#.#.#######.###..##..##.##..#.
#.............................
#.[...........................
#........###.###...............
......................##.##..#.
...............b...............
#....##..###..@K..g............
#....##..#######...##.##..#....
##......<...........S..h........
.#....................h.....#..#.
.##.............##...#...........
.###...##..#.....................
.# #.............................
.# #.............................
.###...##.##..#.#### ##....#..#.


You could see a gnoll (unable to see you), an adder (wandering, unable to see
you), a jackal (asleep), a bat and a kobold (unable to see you).

Vanquished Creatures
  A worm (D:2)
  7 ball pythons
  5 endoplasms
  2 giant cockroaches (D:1)
  A goblin (D:1)
  7 jackals (D:1)
  2 quokkas (D:1)
  7 bats
  2 frilled lizards (D:1)
  A kobold (D:1)
  2 rats (D:1)
37 creatures vanquished.

Notes
Turn   | Place    | Note
-------+----------+-------------------------------------------
     0 | D:1      | LynnLen the Vampire Enchanter began the quest for the Orb.
     0 | D:1      | Reached XP level 1. HP: 13/13 MP: 3/3
    74 | D:1      | Reached skill level 5 in Stealth
    88 | D:1      | Reached XP level 2. HP: 5/16 MP: 5/5
   713 | D:1      | Gained mutation: You are afflicted with vampirism and can
                  | become a bat while bloodless. [Vampire growth]
   713 | D:1      | Reached XP level 3. HP: 15/20 MP: 6/6
   817 | D:1      | Reached skill level 1 in Fighting
  1323 | D:2      | HP: 1/20 [bat (1)]
  1325 | D:2      | Slain by a bat

Illustrated notes

Levels and vault maps discovered:
D:1:      spicycebolla_green_bress_n_ham, layout_loops_ring,
          chequers_mini_garden, hangedman_decor_clover_reticule
D:2:      layout_basic

Skill      XL: |  1  2  3 |
---------------+----------+-----
Stealth        | 5 |  5.9
Fighting       | 1 |  1.0
Short Blades   | |  1.4
Dodging        | |  2.6
Spellcasting   | |  2.0
Hexes          | |  4.4

Action                   || total
-------------------------++-------
Melee: Dagger            ||    99
       Bite              ||     5
 Abil: Exsanguinate      ||     1
  Use: Scroll            ||     3
       Potion            ||     1
 Stab: Sleeping          ||    16
Armor: Robe              ||    12
       Leather armour    ||    23
Dodge: Dodged            ||    91
Block: Other             ||     6

Table legend: (Time is in decaauts)
 A = Elapsed time spent in this place.
 B = Non-inter-level travel time spent in this place.
 C = Inter-level travel time spent in this place.
 D = Time resting spent in this place.
 E = Time spent auto-exploring this place.
 F = Levels seen in this place.
 G = Mean time per level.
                   A        B        C        D        E       F      G
               +--------+--------+--------+--------+--------+-----+--------+
         Total |   1319 |   1319 |      0 |      0 |    860 |   2 |  659.5 |
       Dungeon |   1319 |   1319 |      0 |      0 |    860 |   2 |  659.5 |
               +--------+--------+--------+--------+--------+-----+--------+

Top non-repeatable levels by time:
     D:1: 1156 daAuts
     D:2: 162 daAuts
